 Dungeon Crawl Stone Soup version 0.28.0-1-gb440e238dd (webtiles) character file.

Game seed: 15471919430871690389

72 smarlow the Insei (level 4, -2/33 HPs)
             Began as a Djinni Transmuter on Feb 25, 2022.
             Slain by a bullfrog (5 damage)
             ... on level 4 of the Dungeon.
             The game lasted 00:07:29 (3670 turns).

smarlow the Insei (Djinni Transmuter)               Turns: 3670, Time: 00:07:29

Health: -2/33      AC:  2    Str:  9    XL:     4   Next: 50%
Gold:   87         EV: 12    Int: 17    God:
                   SH:  0    Dex: 13

rFire   + + .      SeeInvis .     - Unarmed
rCold   x . .      Faith    .   (no shield)
rNeg    . . .      Spirit   .   a - +0 robe
rPois   ∞          Reflect  .   (no helmet)
rElec   .          Harm     .   (no cloak)
rCorr   .          Rampage  .   (no gloves)
Will    .....                   (boots unavailable)
Stlth   +.........              (no amulet)
HPRegen 0.11/turn               (no ring)
MPRegen 0.00/turn               (no ring)

@: wereblooded (expiring), flying
A: sickness immunity, fire resistance 2, cold vulnerability 1, float, innate
caster, HP casting, extra vitality 1
a: no special abilities


You were on level 4 of the Dungeon.
You visited 1 branch of the dungeon, and saw 4 of its levels.

You collected 87 gold pieces.

Inventory:

Hand Weapons
 c - a +2 dagger of flaming
Armour
 a - a +0 robe (worn)
Jewellery
 e - a ring of fire
Scrolls
 g - a scroll of enchant weapon {unknown}
 i - 2 scrolls of identify {unknown}
Potions
 d - a potion of lignification {unknown}
 f - a potion of curing {unknown}


   Skills:
 * Level 2.1 Fighting
 + Level 2.8 Dodging
 * Level 3.6 Unarmed Combat
 * Level 2.1 Spellcasting


You couldn't memorise any spells.
You knew the following spells:

 Your Spells              Type           Power      Damage    Failure   Level
a - Beastly Appendage     Tmut           18%        N/A       8%          1
b - Wereblood             Tmut           9%         N/A       12%         2
c - Spider Form           Tmut/Pois      9%         N/A       24%         3
d - Ice Form              Ice/Tmut       9%         N/A       61%         4
e - Shock                 Conj/Air       36%        1d5       8%          1
Your spell library was empty.

Dungeon Overview and Level Annotations

Branches:
Dungeon (4/15)
 Temple: D:4-7

Altars:

Annotations:
D:3 Ijyb


Innate Abilities, Weirdness & Mutations

You are immune to sickness and miasma.
You are immune to poison.
Your flesh is very heat resistant. (rF++)
You are vulnerable to cold. (rC-)
You float through the air rather than walking.
You learn spells naturally, not from books.
Your magical power is your life essence.
You have superior vitality. (+4 MHP)


Message History

Casting: Beastly Appendage (safe; 8% risk of failure)
Confirm with . or Enter, or press ? or * to list all spells.
Your blood is infused with primal strength.
The ball python bites you. The ball python constricts you.
You hit the ball python.
You feel a bit better.
You kill the ball python!
You hear a loud, deep croak!
You hit the bullfrog. Your headbutt misses the bullfrog.
The bullfrog is lightly wounded.
You howl as the wereblood boils in your veins!
The bullfrog hits you.
An adder comes into view.
The bullfrog hits you. The bullfrog hits you.
You see here a scroll labelled JAGAZU PULOU.
Okay, then.
Okay, then.
The bullfrog closely misses you. The bullfrog barely misses you.
The bullfrog snags a nearby butterfly with its tongue.
The bullfrog barely misses you.
You howl as the wereblood boils in your veins!
Your transformation is almost over.
The adder misses you. The bullfrog hits you. The bullfrog closely misses you.
The bullfrog releases a deep croak.
The bullfrog hits you. The adder bites you.
* * * LOW HITPOINT WARNING * * *
The bullfrog hits you.
* * * LOW HITPOINT WARNING * * *
You howl as the wereblood boils in your veins!
Your primal bloodlust is almost over.
The bullfrog misses you. The adder bites you.
* * * LOW HITPOINT WARNING * * *
You howl as the wereblood boils in your veins!
Your horns disappear.
The bullfrog hits you.
You die...

## # ##.### ###### .##
##....####.##.##..#.#
#.....##............
#.....##.......# ..#
###........F@..##..#
#.......##S.......#
##......##).........
#...................
###........#..........
#......?...##....##...
#..........###...###..
##........## #.<..# #.
............ ##...#


You could see a bullfrog and an adder.

Vanquished Creatures
  2 adders
  A worm (D:2)
  2 dart slugs
  8 ball pythons
  A bat (D:2)
  3 endoplasms
  A giant cockroach (D:2)
  6 goblins
  6 hobgoblins
  2 jackals (D:2)
  A quokka (D:1)
  5 frilled lizards
  5 kobolds
  2 rats (D:1)
45 creatures vanquished.

Notes
Turn   | Place    | Note
-------+----------+-------------------------------------------
     0 | D:1      | smarlow the Djinni Transmuter began the quest for the Orb.
     0 | D:1      | Reached XP level 1. HP: 17/17 MP: 0/0
   470 | D:1      | Reached XP level 2. HP: 8/22 MP: 0/0
  1432 | D:1      | Reached XP level 3. HP: 26/27 MP: 0/0
  1432 | D:1      | Learned a level 1 spell: Shock
  2094 | D:3      | Noticed Ijyb
  2747 | D:2      | Reached XP level 4. HP: 30/33 MP: 0/0
  3535 | D:3      | Paralysed by Ijyb for 3 turns
  3553 | D:4      | Noticed a bullfrog
  3670 | D:4      | Slain by a bullfrog

Illustrated notes

Levels and vault maps discovered:
D:1:      mrwooster_arrival_statue, layout_rooms
D:2:      layout_basic, chequers_arboretum
D:3:      layout_basic, uniq_ijyb
D:4:      cheibrodos_helix_gallery, layout_cave_pools, lightli_temple_of_fire,
          mainiacjoe_overflow_surrounded_room, minmay_temple_entry_tees,
          minmay_pentomino_pile, uniq_natasha

Skill      XL: |  1  2  3 |
---------------+----------+-----
Spellcasting   | 2 |  2.1
Fighting       | 2 |  2.1
Dodging        | |  2.8
Unarmed Combat | |  3.6

Action                   |  1- 3 |  4- 6 || total
-------------------------+-------+-------++-------
Melee: Unarmed           |   138 |    50 ||   188
       Headbutt          |    20 |    10 ||    30
       Punch             |     3 |       ||     3
 Cast: Beastly Appendage |    24 |    12 ||    36
       Shock             |     1 |       ||     1
       Wereblood         |       |     4 ||     4
  Use: Scroll            |     6 |     1 ||     7
 Stab: Sleeping          |     1 |       ||     1
Armor: Robe              |    26 |     5 ||    31
Dodge: Dodged            |    89 |    32 ||   121
